 Dungeon Crawl Stone Soup version 0.16.1-11-g651b585 (webtiles) character file.

37 maniek23 the Sneak (level 3, 0/24 HPs)
             Began as a Vampire Enchanter on Apr 1, 2015.
             Was an Initiate of Nemelex Xobeh.
             Slain by an adder (1 damage)
             ... on level 2 of the Dungeon.
             The game lasted 00:05:26 (1505 turns).

maniek23 the Sneak (Vampire Enchanter)              Turns: 1505, Time: 00:05:26

Health: 0/24       AC:  3    Str:  8    XL:     3   Next: 21%
Magic:  3/6        EV: 13    Int: 17    God:    Nemelex Xobeh [......]
Gold:   111        SH:  0    Dex: 14    Spells: 1 memorised, 5 levels left

rFire  . . .     SeeInvis +     k - +1 dagger (speed)
rCold  . . .     Clarity  .     b - +1 robe
rNeg   + . .     SustAb   .     (no shield)
rPois  .         Gourm    .     (no helmet)
rElec  .         Spirit   .     (no cloak)
rCorr  .         Warding  .     (no gloves)
rMut   .         Rnd*Tele +     (no boots)
MR     .....                    (no amulet)
Stlth  +++.......               (no ring)
                                j - ring of teleportation (curse)

@: lethally poisoned (0 -> -6), about to teleport, not resistant to hostile
enchantments, fairly stealthy
A: bottle blood, fangs 3, see invisible, unbreathing
a: Bat Form, Renounce Religion, Evoke Teleportation


You were on level 2 of the Dungeon.
You worshipped Nemelex Xobeh.
Nemelex Xobeh was noncommittal.
You were not thirsty.

You visited 1 branch of the dungeon, and saw 2 of its levels.

You collected 111 gold pieces.

Inventory:

Hand weapons
 a - a +1 dagger
 k - a +1 dagger of speed (weapon)
Armour
 b - a +1 robe (worn)
Jewellery
 j - a cursed ring of teleportation (left hand)
Scrolls
 e - a scroll of remove curse {unknown}
 g - 2 scrolls of random uselessness {unknown}
 h - a scroll of immolation {unknown}
 l - a scroll of teleportation {unknown}
 m - 2 scrolls of amnesia {unknown}
 o - a scroll of identify {unknown}
 p - a scroll of enchant armour {unknown}
 q - a scroll of noise {unknown}
 r - a scroll of recharging {unknown}
 s - a scroll of fear {unknown}
Potions
 d - 10 potions of blood
 f - a potion of curing {unknown}
 i - a potion of brilliance {unknown}
Books
 c - a book of Maledictions

   Spells                             Type                      Level
   a - Corona                         Hexes                        1
   b - Sure Blade                     Hexes/Charms                 2
   c - Ensorcelled Hibernation        Hexes/Ice                    2
   d - Confuse                        Hexes                        3
   e - Dazzling Spray                 Conjuration/Hexes            3
   f - Enslavement                    Hexes                        4
Miscellaneous
 n - a plain deck of destruction {drawn: 2}


   Skills:
 + Level 0.1 Fighting
 + Level 1.1 Short Blades
 + Level 2.5 Dodging
 + Level 5.3 Stealth
 + Level 2.1 Spellcasting
 + Level 5.1 Hexes


You had 5 spell levels left.
You knew the following spells:

 Your Spells              Type           Power        Failure   Level  Hunger
a - Corona                Hex            ###....      2%          1    #......


Dungeon Overview and Level Annotations

Branches:
Dungeon (2/15)

Altars:
Elyvilon
Makhleb
Nemelex Xobeh

Annotations:
D:2 Ijyb


Innate Abilities, Weirdness & Mutations

You can bottle blood from corpses.
You have razor-sharp teeth.
You have supernaturally acute eyesight.
You can survive without breathing.


Message History

You draw a card...
It is the Orb.
You have drawn the Orb.
Press: ? - help, Shift-Dir - straight line, f/p - adder
Aim: an adder (moderately wounded)
The orb of energy misses the adder.
You feel sick. The adder bites you.
* * * LOW HITPOINT WARNING * * *
Use which ability? (? or * to list)
You fail to use your ability.
* * * LOW HITPOINT WARNING * * *
You feel sick. The adder bites you.
* * * LOW HITPOINT WARNING * * *
The adder barely misses you.
Use which ability? (? or * to list)
You feel strangely unstable.
You feel somewhat more thirsty. The adder misses you.
* * * LOW HITPOINT WARNING * * *
You feel sick. The adder bites you.
You die...
Your body disappears without a glow.

###.# #.# ....###.##
######...##############
#.................#
##...########.....###.
##.## #.......... ###
#......# ### #.S....#
##.## #@###### #
##.#.## #.# ###
##.###.## #.# #.###.##
##.## #.# #....## ##.#
#.# #####.## ##.## #.#
#..###.## #.#
#####.#.#.## #.#
......##.#######.#


You could see an adder.

Vanquished Creatures
  A giant mite (D:1)
  A giant gecko (D:1)
  A giant cockroach (D:1)
  8 hobgoblins
  A ball python (D:1)
  5 bats
  4 giant newts
  2 goblins
  A kobold (D:1)
  5 rats (D:1)
29 creatures vanquished.

Notes
Turn   | Place    | Note
--------------------------------------------------------------
     0 | D:1      | maniek23, the Vampire Enchanter, began the quest for the Orb.
     0 | D:1      | Reached XP level 1. HP: 13/13 MP: 3/3
    67 | D:1      | Reached XP level 2. HP: 11/19 MP: 4/4
   523 | D:1      | Found a sparkling altar of Nemelex Xobeh.
   533 | D:1      | Became a worshipper of Nemelex Xobeh the Trickster
   549 | D:1      | Reached skill level 5 in Stealth
   820 | D:1      | Reached skill level 5 in Hexes
  1006 | D:1      | Received a gift from Nemelex Xobeh
  1103 | D:1      | Reached XP level 3. HP: 24/24 MP: 6/6
  1448 | D:2      | Noticed Ijyb
  1457 | D:2      | Found a burning altar of Makhleb.
  1459 | D:2      | Found a white marble altar of Elyvilon.
  1504 | D:2      | HP: 1/24 [poisoned by an adder]
  1505 | D:2      | Slain by an adder

Action                   || total
-------------------------++-------
Melee: Dagger            ||   103
 Cast: Corona            ||     4
 Abil: Evoke Teleportati ||     1
Evoke: Deck              ||     2
 Stab: Sleeping          ||    10
  Eat: Corpse            ||     4
